 Dungeon Crawl Stone Soup version 0.26-a0-540-g8a0c9464d7 (webtiles) character file.

Game seed: 3753081949355722916

113 vurker the Grave Robber (level 4, 0/32 HPs)
             Began as a Gnoll Necromancer on Aug 24, 2020.
             Slain by an orc priest
             ... wielding a +0 hand axe
              (3 damage)
             ... on level 3 of the Dungeon.
             The game lasted 00:02:51 (2273 turns).

vurker the Grave Robber (Gnoll Necromancer)         Turns: 2273, Time: 00:02:52

Health: 0/32       AC:  2    Str: 11    XL:     4   Next: 96%
Magic:  6/11       EV: 15    Int: 18    God:
Gold:   92         SH:  0    Dex: 15    Spells: 12/13 levels left

rFire    . . .     SeeInvis .   j - +0 dagger
rCold    . . .     Faith    .   (no shield)
rNeg     . . .     Spirit   .   a - +0 robe
rPois    .         Reflect  .   (no helmet)
rElec    .         Harm     .   (no cloak)
rCorr    .                      (no gloves)
MR       .....                  (no boots)
Stlth    ++........             (no amulet)
HPRegen  0.10/turn              b - ring of attention (curse)
MPRegen  0.12/turn              (no ring)

@: no status effects
A: distributed training, fangs 1, strong nose
a: no special abilities


You were on level 3 of the Dungeon.
You visited 1 branch of the dungeon, and saw 3 of its levels.

You collected 92 gold pieces.

Inventory:

Hand Weapons
 j - a +0 dagger (weapon)
   (You took it off a kobold on level 2 of the Dungeon)
Armour
 a - a +0 robe (worn)
Jewellery
 b - a cursed ring of attention (left hand)
   (You found it on level 1 of the Dungeon)
Scrolls
 c - a scroll of blinking {unknown}
 d - 2 scrolls of fear
 e - a scroll of amnesia
 f - a scroll of magic mapping {unknown}
 i - a scroll of teleportation {unknown}
 k - a scroll of remove curse {unknown}
Potions
 g - a potion of might
 h - a potion of heal wounds {unknown}


   Skills:
 + Level 1.3 Fighting
 + Level 1.3 Short Blades
 + Level 1.3 Long Blades
 + Level 1.3 Axes
 + Level 1.3 Maces & Flails
 + Level 1.3 Polearms
 + Level 1.3 Staves
 + Level 1.3 Slings
 + Level 1.3 Bows
 + Level 1.3 Crossbows
 + Level 1.3 Throwing
 + Level 1.3 Armour
 + Level 4.7 Dodging
 + Level 4.3 Stealth
 + Level 1.3 Shields
 + Level 1.3 Unarmed Combat
 + Level 5.1 Spellcasting
 + Level 1.0 Conjurations
 + Level 1.0 Hexes
 + Level 1.0 Summonings
 + Level 7.1 Necromancy
 + Level 1.0 Translocations
 + Level 1.0 Transmutations
 + Level 1.0 Fire Magic
 + Level 1.0 Ice Magic
 + Level 1.0 Air Magic
 + Level 1.0 Earth Magic
 + Level 1.0 Poison Magic
 + Level 1.4 Invocations
 + Level 1.3 Evocations


You had 12 spell levels left.
You knew the following spells:

 Your Spells              Type           Power        Failure   Level
a - Pain                  Necr           ####         1%          1

Your spell library contained the following spells:

 Spells                   Type           Power        Failure   Level
 Animate Skeleton         Necr           ####..       1%          1
 Vampiric Draining        Necr           ####......   1%          3
 Animate Dead             Necr           ####......   7%          4
 Agony                    Necr           ####....     19%         5


Dungeon Overview and Level Annotations

Branches:
Dungeon (3/15)

Altars:
Nemelex Xobeh


Innate Abilities, Weirdness & Mutations

Your experience applies equally to all skills.
You have very sharp teeth.
Your uncanny sense of smell can sniff out nearby items.


Message History

Things that are here:
a +0 short sword; a kobold corpse
Found a scroll labeled NIOH SO VADDOL.
k - a scroll labeled NIOH SO VADDOL
Found 23 stones.
You now have 92 gold pieces (gained 10).
You see here 23 stones.
An orc priest comes into view. It is wielding a +0 hand axe.
Found 18 gold pieces.
Found a stone staircase leading down.
An orc priest is nearby!
An orc priest is nearby!
An orc priest is nearby!
An orc comes into view.
Unknown command.
You see here 23 stones.
You see here 23 stones.
The orc priest shouts!
You hear a shout!
An orc comes into view.
Aim: an orc priest, wielding a +0 hand axe (chance to defeat MR: 84%)
The orc priest barely resists.
The orc shouts!
Aim: an orc priest, wielding a +0 hand axe (chance to defeat MR: 84%)
The orc priest writhes in agony.
The orc priest invokes the aid of Beogh against you.
Beogh smites you!
The orc priest invokes the aid of Beogh against you.
Beogh smites you!
* * * LOW HITPOINT WARNING * * *
Aim: an orc priest, wielding a +0 hand axe (heavily wounded, chance to defeat MR: 84%)
The orc writhes in agony.
The orc priest begins to cast a cantrip, but forgets the words!
The orc shouts!
Aim: an orc (chance to defeat MR: 93%)
The orc writhes in agony.
The orc hits you.
* * * LOW HITPOINT WARNING * * *
Aim: an orc (almost dead, chance to defeat MR: 93%)
The orc writhes in agony.
You kill the orc!
The orc completely misses you.
Aim: an orc, wearing a +0 leather armour (chance to defeat MR: 93%)
The orc writhes in agony!
You kill the orc!
You can't see any susceptible monsters within range! (Use Z to cast anyway.)
An orc priest is nearby!
Aim: an orc priest, wielding a +0 hand axe (moderately wounded, chance to defeat MR: 84%)
The orc priest writhes in agony.
Aim: an orc priest, wielding a +0 hand axe (severely wounded, chance to defeat MR: 84%)
The orc priest writhes in agony.
The orc priest hits you with a +0 hand axe.
You die...

.......o#.#.###.#
#.# #.#.#.....#
#.# #.#.#.#####
#.# #o#.#....#
#.#
#.#.####.##.#.# ∆
#...........#.#
###(####.####.#
#†#......##.#
#@#....#.##.#
#o######.##.#
#........##.#
###########.# #.#
#[# ∆ #.# #.# #.#


You could see an orc priest.

Vanquished Creatures
  A gnoll (D:1)
  5 adders (D:2)
  2 worms (D:2)
  A leopard gecko (D:1)
  3 orcs
  2 giant cockroaches
  3 goblins
  6 hobgoblins
  8 jackals (D:2)
  5 kobolds
  5 bats
  3 frilled lizards
  6 rats
50 creatures vanquished.

Notes
Turn   | Place    | Note
-------+----------+-------------------------------------------
     0 | D:1      | vurker the Gnoll Necromancer began the quest for the Orb.
     0 | D:1      | Reached XP level 1. HP: 13/13 MP: 6/6
   318 | D:1      | Reached XP level 2. HP: 19/19 MP: 5/7
   471 | D:1      | Reached XP level 3. HP: 20/25 MP: 1/9
   486 | D:1      | Reached skill level 5 in Spellcasting
   850 | D:2      | Found a sparkling altar of Nemelex Xobeh.
   878 | D:2      | Reached skill level 1 in Invocations
  1012 | D:2      | Reached skill level 1 in Fighting
  1012 | D:2      | Reached skill level 1 in Short Blades
  1012 | D:2      | Reached skill level 1 in Long Blades
  1012 | D:2      | Reached skill level 1 in Axes
  1012 | D:2      | Reached skill level 1 in Maces & Flails
  1012 | D:2      | Reached skill level 1 in Polearms
  1012 | D:2      | Reached skill level 1 in Staves
  1012 | D:2      | Reached skill level 1 in Slings
  1012 | D:2      | Reached skill level 1 in Bows
  1012 | D:2      | Reached skill level 1 in Crossbows
  1012 | D:2      | Reached skill level 1 in Throwing
  1012 | D:2      | Reached skill level 1 in Armour
  1012 | D:2      | Reached skill level 1 in Shields
  1012 | D:2      | Reached skill level 1 in Unarmed Combat
  1012 | D:2      | Reached skill level 1 in Evocations
  1282 | D:2      | Reached XP level 4. HP: 22/32 MP: 6/11
  1871 | D:2      | Reached skill level 1 in Conjurations
  1871 | D:2      | Reached skill level 1 in Hexes
  1871 | D:2      | Reached skill level 1 in Summonings
  1871 | D:2      | Reached skill level 1 in Translocations
  1871 | D:2      | Reached skill level 1 in Transmutations
  1871 | D:2      | Reached skill level 1 in Fire Magic
  1871 | D:2      | Reached skill level 1 in Ice Magic
  1871 | D:2      | Reached skill level 1 in Air Magic
  1871 | D:2      | Reached skill level 1 in Earth Magic
  1871 | D:2      | Reached skill level 1 in Poison Magic
  2273 | D:3      | Slain by an orc priest

Illustrated notes

Levels and vault maps discovered:
D:1:      co_arrival_random_square_maze, layout_basic
D:2:      layout_loops_cross, nemelex_xobeh_ov_fountains_minmay
D:3:      layout_basic, lemuel_doored_altar

Skill      XL: |  1  2  3  4 |
---------------+-------------+-----
Spellcasting   | 5 |  5.1
Invocations    | 1 |  1.4
Fighting       | 1 |  1.3
Short Blades   | 1 |  1.3
Long Blades    | 1 |  1.3
Axes           | 1 |  1.3
Maces & Flails | 1 |  1.3
Polearms       | 1 |  1.3
Staves         | 1 |  1.3
Slings         | 1 |  1.3
Bows           | 1 |  1.3
Crossbows      | 1 |  1.3
Throwing       | 1 |  1.3
Armour         | 1 |  1.3
Shields        | 1 |  1.3
Unarmed Combat | 1 |  1.3
Evocations     | 1 |  1.3
Conjurations   | 1 |  1.0
Hexes          | 1 |  1.0
Summonings     | 1 |  1.0
Translocations | 1 |  1.0
Transmutations | 1 |  1.0
Fire Magic     | 1 |  1.0
Ice Magic      | 1 |  1.0
Air Magic      | 1 |  1.0
Earth Magic    | 1 |  1.0
Poison Magic   | 1 |  1.0
Dodging        | |  4.7
Stealth        | |  4.3
Necromancy     | |  7.1

Action                   |  1- 3 |  4- 6 || total
-------------------------+-------+-------++-------
Melee: Unarmed           |       |     3 ||     3
       Dagger            |       |     1 ||     1
 Cast: Pain              |    46 |    49 ||    95
  Use: Scroll            |     4 |     1 ||     5
Armor: Robe              |       |     3 ||     3
Dodge: Dodged            |    10 |     9 ||    19

Table legend: (Time is in decaauts)
 A = Elapsed time spent in this place.
 B = Non-inter-level travel time spent in this place.
 C = Inter-level travel time spent in this place.
 D = Time resting spent in this place.
 E = Time spent auto-exploring this place.
 F = Levels seen in this place.
 G = Mean time per level.
                   A        B        C        D        E       F      G
               +--------+--------+--------+--------+--------+-----+--------+
         Total |   2271 |   2240 |     31 |      0 |   1981 |   3 |  757.0 |
       Dungeon |   2271 |   2240 |     31 |      0 |   1981 |   3 |  757.0 |
               +--------+--------+--------+--------+--------+-----+--------+

Top non-repeatable levels by time:
     D:2: 1292 daAuts
     D:1: 802 daAuts
     D:3: 176 daAuts
